 Dungeon Crawl Stone Soup version 0.19.1-1-g22dce08 (webtiles) character file.

84 esteth the Conjurer (level 4, 0/30 HPs)
             Began as a Demonspawn Fire Elementalist on Jan 1, 2017.
             Slain by an adder (4 damage)
             ... on level 3 of the Dungeon.
             The game lasted 00:05:20 (2056 turns).

esteth the Conjurer (Demonspawn Fire Elementalist)  Turns: 2056, Time: 00:05:20

Health: 0/30       AC:  2    Str:  4    XL:     4   Next: 23%
Magic:  0/7        EV: 12    Int: 17    God:
Gold:   119        SH:  0    Dex: 13    Spells: 1 memorised, 6 levels left

rFire  . . .     SeeInvis .     (no weapon)
rCold  . . .     Gourm    .     a - +0 robe
rNeg   . . .     Faith    .     (no shield)
rPois  .         Spirit   .     (helmet restricted)
rElec  .         Reflect  .     (no cloak)
rCorr  .         Harm     .     (no gloves)
MR     .....                    (no boots)
Stlth  ++........               (no amulet)
                                (no ring)
                                k - -5 ring of strength (curse)

@: no status effects
A: horns 1
a: no special abilities


You were on level 3 of the Dungeon.
You were hungry.

You visited 1 branch of the dungeon, and saw 3 of its levels.

You collected 119 gold pieces.

Inventory:

Armour
 a - a +0 robe (worn)
 e - a +0 pair of gloves
Jewellery
 k - a cursed -5 ring of strength (left hand)
Scrolls
 g - a scroll of magic mapping
 i - a scroll of enchant weapon {unknown}
Potions
 h - a potion of haste {unknown}
 j - a potion of agility {unknown}
Books
 b - a book of Flames

   Spells                             Type                      Level
   a - Flame Tongue                   Conjuration/Fire             1
   b - Throw Flame                    Conjuration/Fire             2
   c - Conjure Flame                  Conjuration/Fire             3
   d - Inner Flame                    Hexes/Fire                   3
   e - Sticky Flame                   Conjuration/Fire             4
   f - Fireball                       Conjuration/Fire             5
Comestibles
 c - a bread ration
 f - a slice of pizza
 l - a chunk of flesh


   Skills:
 - Level 1.7 Dodging
 - Level 1.7 Stealth
 - Level 2.0 Spellcasting
 + Level 4.0 Conjurations
 - Level 2.7 Fire Magic


You had 6 spell levels left.
You knew the following spells:

 Your Spells              Type           Power        Failure   Level  Hunger
a - Flame Tongue          Conj/Fire      ##...        6%          1    #......


Dungeon Overview and Level Annotations

Branches:
Dungeon (3/15)

Altars:
Ashenzari
Okawaru
Yredelemnul
Zin


Innate Abilities, Weirdness & Mutations

You have a pair of small horns on your head.


Message History

Press: ? - help, Shift-Dir - straight line, f/p - adder
Aim: an adder (heavily wounded)
The flame tongue hits the adder.
The adder appears unharmed.
The adder is heavily wounded.
The adder bites you but does no damage. The adder barely misses you.
Some of the chunks of flesh in your inventory have rotted away.
You barely miss the adder.
The adder is heavily wounded.
The adder bites you.
* * * LOW HITPOINT WARNING * * *
You closely miss the adder.
The adder is heavily wounded.
The adder bites you.
* * * LOW HITPOINT WARNING * * *
You closely miss the adder.
The adder is heavily wounded.
The adder bites you.
* * * LOW HITPOINT WARNING * * *
The adder bites you.
You die...

# #.# #.# #+# #.#.#
#.# #.# #.#.###.#
####.## #.......#
.....# ###.#####
##...##### #.# #
####........# #.#
#.#.......###.####.#
###.#....@S..........#
............###.######
##.#...........#
#.#.......#####
#.........#
########.## #.# #.#
#.#


You could see an adder.

Vanquished Creatures
  3 adders
  2 oozes
  A leopard gecko (D:2)
  3 giant cockroaches
  5 goblins
  6 hobgoblins
  3 jackals (D:2)
  4 kobolds
  6 bats
  4 frilled lizards
  11 rats
48 creatures vanquished.

Notes
Turn   | Place    | Note
-------+----------+-------------------------------------------
     0 | D:1      | esteth the Demonspawn Fire Elementalist began the quest for the Orb.
     0 | D:1      | Reached XP level 1. HP: 13/13 MP: 3/3
   552 | D:1      | Gained mutation: You have a pair of small horns on your head. [demonic ancestry]
   552 | D:1      | Reached XP level 2. HP: 19/19 MP: 3/5
   555 | D:1      | Reached skill level 2 in Conjurations
   874 | D:2      | Found a glowing silver altar of Zin.
   912 | D:2      | Found a shattered altar of Ashenzari.
   957 | D:2      | Reached XP level 3. HP: 21/24 MP: 1/6
  1039 | D:2      | Reached skill level 3 in Conjurations
  1826 | D:2      | Reached XP level 4. HP: 28/30 MP: 2/7
  1870 | D:2      | Found an iron altar of Okawaru.
  1913 | D:2      | Found a basalt altar of Yredelemnul.
  1993 | D:3      | Reached skill level 4 in Conjurations
  2056 | D:3      | Slain by an adder

Skill      XL: |  1  2  3  4 |
---------------+-------------+-----
Conjurations   | 2 3 4 |  4.0
Dodging        | |  1.7
Stealth        | |  1.7
Spellcasting   | |  2.0
Fire Magic     | |  2.7

Action                   |  1- 3 |  4- 6 || total
-------------------------+-------+-------++-------
Melee: Unarmed           |    10 |    13 ||    23
       Headbutt          |       |     2 ||     2
 Cast: Flame Tongue      |    66 |    17 ||    83
  Use: Scroll            |     3 |       ||     3
       Potion            |       |     3 ||     3
  Eat: Chunk             |     4 |       ||     4
Armor: Robe              |     9 |     6 ||    15
Dodge: Dodged            |    26 |    16 ||    42
